 Dungeon Crawl Stone Soup version 0.29.0-13-gc9e81de378 (webtiles) character file.

Game seed: 11192477209228543624

84695 SnakkuSnakku7 the Marksdjinni (level 16, -4/123 HPs)
             Began as a Djinni Hunter on Sept 9, 2022.
             Was the Champion of Dithmenos.
             Slain by a large abomination (15 damage)
             ... on level 3 of the Abyss on Sept 10, 2022.
             The game lasted 00:50:42 (24002 turns).

SnakkuSnakku7 the Marksdjinni (Djinni Hunter)      Turns: 24002, Time: 00:50:43

Health: -4/123     AC: 22    Str: 10    XL:     16   Next: 28%
Gold:   1224       EV: 17    Int: 12    God:    Dithmenos [******] SH:  2 Dex: 20

rFire   + + .      SeeInvis .   a - +0 arbalest
rCold   x . .      Faith    .   (shield currently unavailable)
rNeg    . . .      Spirit   .   G - +4 ring mail
rPois   ∞          Reflect  .   l - +2 helmet
rElec   .          Harm     .   o - +0 cloak
rCorr   +          Rampage  .   j - +2 pair of gloves
Will    +....                   (boots unavailable)
Stlth   ++........              f - amulet of regeneration
HPRegen 1.10/turn               H - +4 ring of protection
MPRegen 0.00/turn               N - ring of the Octopus King {rCorr HP+2 AC+2 EV+2 SH+2}

@: flying, wreathed by umbra
A: sickness immunity, fire resistance 2, cold vulnerability 1, float, innate
caster, HP casting, extra vitality 1, deformed body, [clumsy 2], [screaming 1],
([teleportitis 2]), [no potion heal 1]
a: Renounce Religion, Shadow Step, Shadow Form


You were on level 3 of the Abyss.
You worshipped Dithmenos.
Dithmenos was exalted by your worship.
You visited 4 branches of the dungeon, and saw 21 of its levels.
You visited the Abyss 1 time.
You also visited: Bailey.

You collected 2733 gold pieces.
You spent 1509 gold pieces at shops.

Inventory:

Hand Weapons
 a - a +0 arbalest (weapon)
 b - a +0 longbow
Armour
 c - a +0 leather armour
 j - a +2 pair of gloves (worn)
 l - a +2 helmet (worn)
 o - a +0 cloak (worn)
 s - +0 acid dragon scales
 A - a +2 robe of willpower
 G - a +4 ring mail (worn)
Jewellery
 f - an amulet of regeneration (around neck)
 x - a +4 ring of evasion
 B - the amulet of Elemental Vulnerability {rPois rF-- rC-- AC+8}
   (You found it on level 11 of the Dungeon)

   [amulet of nothing]

   AC:        It affects your AC (+8).
   rF:        It makes you very vulnerable to fire.
   rC:        It makes you very vulnerable to cold.
   rPois:     It protects you from poison.
 D - a ring of protection from fire
 H - a +4 ring of protection (left hand)
 J - a ring of willpower
 M - a ring of protection from cold
 N - a ring of the Octopus King (right hand) {rCorr HP+2 AC+2 EV+2 SH+2}
   (You bought it in a shop on level 5 of the Dungeon)

   [ring of resist corrosion]

   AC:        It affects your AC (+2).
   EV:        It affects your evasion (+2).
   HP:        It affects your health (+2).
   rCorr:     It protects you from acid and corrosion.
   SH:        It affects your SH (+2).
 P - a ring of see invisible
Wands
 d - a wand of mindburst (16)
 p - a wand of digging (11)
 w - a wand of charming (16)
Scrolls
 g - 5 scrolls of butterflies
 h - 4 scrolls of teleportation
 k - a scroll of blinking
 n - 2 scrolls of poison
 t - 3 scrolls of identify
 C - a scroll of brand weapon
 I - a scroll of silence
 L - a scroll of enchant weapon
 Q - 5 scrolls of immolation
Potions
 e - 2 potions of haste
 i - 6 potions of mutation
 m - 5 potions of curing
 q - 5 potions of brilliance
 r - 6 potions of cancellation
 u - 3 potions of attraction
 z - 2 potions of lignification
 F - a potion of might
 K - 4 potions of ambrosia


   Skills:
 - Level 13.2 Fighting
 + Level 17.3 Ranged Weapons
 - Level 8.0 Armour
 - Level 8.0 Dodging
 - Level 0.7 Stealth
 - Level 10.0 Invocations


You couldn't memorise any spells.
You knew the following spells:

 Your Spells              Type           Power      Damage    Failure   Level
a - Shock                 Conj/Air       0%         1d3       58%         1
b - Ensorcelled Hibernat  Hex/Ice        0%         N/A       73%         2
c - Passwall              Tmut/Erth      0%         N/A       73%         2
d - Vampiric Draining     Necr           0%         2d6       91%         3
e - Summon Ice Beast      Ice/Summ       0%         N/A       100%        4
f - Fireball              Conj/Fire      0%         3d3       100%        5
g - Iron Shot             Conj/Erth      0%         9d1       100%        6
Your spell library was empty.


Dungeon Overview and Level Annotations

Branches:
Dungeon (13/15)            Temple (1/1) D:7            Lair (5/5) D:11
 Shoals (0/4) Lair:3       Spider (0/4) Lair:3        Slime (0/5) Lair:5
    Orc (2/2) D:11            Elf (0/3) Orc:2        Bailey (visited)
 Vaults: D:13-14

Altars:
Ashenzari
Cheibriados
Dithmenos
Elyvilon
Fedhas
Gozag
Hepliaklqana
Makhleb
Nemelex Xobeh
Okawaru
Qazlal
Ru
Trog
Uskayaw
Wu Jian
Xom
Yredelemnul
Zin
The Shining One
Jiyva

Shops:
D:5 =   D:11 =   D:13 !   Orc:2 [*[[=

Portals:
Trove: D:11 (show abyssal rune of Zot)

Annotations:
Lair:2 exclusion: oklob plant


Innate Abilities, Weirdness & Mutations

You are immune to sickness and miasma.
You are immune to poison.
Your flesh is very heat resistant. (rF++)
You are vulnerable to cold. (rC-)
You float through the air rather than walking.
You learn spells naturally, not from books.
Your magical power is your life essence.
You have superior vitality. (+4 MHP)
Armour fits poorly on your strangely shaped body.
[You are very clumsy. (Dex -4)]
[You occasionally shout uncontrollably at your foes.]
[((You are often teleported next to monsters.))]
[Potions are less effective at restoring your health.]


Message History

The bolt completely misses the large abomination.
Your shadow shoots a bolt.
The bolt hits the large abomination but does no damage.
The ufetubus misses you. The ufetubus closely misses you. x2
The ufetubus misses you.
The large abomination barely misses you.
Unknown command.
Fire: a) +0 arbalest
Press: ? - help, Q - select action, (/) - cycle Shift-Dir - straight line, f/p - large abomination
Aim: a large abomination (black smoke, severely damaged, umbra, 82% to hit)
You shoot a bolt. The bolt hits the large abomination!
The large abomination is almost destroyed.
Your shadow shoots a bolt.
The bolt barely misses the large abomination.
The ufetubus misses you. x4
The large abomination hits you but does no damage.
Unknown command.
Fire: a) +0 arbalest
Press: ? - help, Q - select action, (/) - cycle Shift-Dir - straight line, f/p - large abomination
Aim: a large abomination (black smoke, almost destroyed, umbra, 82% to hit)
You shoot a bolt.
The bolt completely misses the large abomination.
Your shadow shoots a bolt.
The bolt hits the large abomination but does no damage.
The ufetubus closely misses you. x2
The large abomination barely misses you.
You block the ufetubus's attack. The ufetubus completely misses you.
Unknown command.
Fire: a) +0 arbalest
Press: ? - help, Q - select action, (/) - cycle Shift-Dir - straight line, f/p - large abomination
Aim: a large abomination (black smoke, almost destroyed, umbra, 82% to hit)
You shoot a bolt.
The bolt hits the large abomination but does no damage.
The large abomination is almost destroyed.
Your shadow shoots a bolt.
The bolt hits the large abomination but does no damage.
The ufetubus misses you.
The ufetubus hits you but does no damage.
The large abomination hits you!
You die...

# . # #
# ... .
. . #
......X.
. . ...#
.. .
....# .
.......
. .#. .
# .
###§###
.
.#@X§..#
##5§.##
##{##
§..# . .
...# .
... . .
... ..
.. ##..
## #.


You could see a large abomination and an ufetubus.

Vanquished Creatures
  2 tentacled starspawn (Abyss:3)
  Gastronok (D:9)
  Snorg (D:13)
  Josephine (D:10)
  2 boulder beetles
  11 hydras
  5 two-headed ogres
  Erica (D:8)
  A catoblepas (Lair:2)
  A centaur warrior (D:13)
  6 death yaks
  4 orc high priests (Orc:2)
  Lodul (D:13)
  A wretched star (Abyss:3)
  10 starcursed masses (Abyss:3)
  6 orc knights
  A deep elf pyromancer (D:13)
  5 orc sorcerers
  2 cyclopes
  15 elephants
  5 black mambas
  Joseph (D:8)
  3 smoke demons (Abyss:3)
  An ice statue (D:8)
  21 cane toads
  2 rime drakes
  2 kobold demonologists (D:12)
  A tengu conjurer (D:13)
  A hellwing (Abyss:3)
  6 komodo dragons
  3 polar bears
  2 tyrant leeches (Lair:5)
  5 trolls
  A hornet (shapeshifter) (D:13)
  A hornet (D:10)
  18 blink frogs
  4 jumping spiders (Lair:3)
  2 culicivoras (Lair:3)
  5 wyverns
  A vampire (D:6)
  Grum (D:8)
  38 yaks
  4 wraiths
  9 basilisks
  7 humans (D:13)
  A steam dragon (Lair:4)
  2 neqoxecs (Abyss:3)
  A chaos spawn (Abyss:3)
  2 redbacks (Lair:3)
  12 vampire mosquitoes
  4 large abominations (Abyss:3)
  6 wargs
  12 water moccasins
  3 acid dragons
  An ice beast (D:4)
  38 orc warriors
  5 centaurs
  19 ogres
  17 wolves
  A phantom (D:7)
  3 kobold brigands
  Blork the orc (D:4)
  16 bullfrogs
  A gnoll sergeant (D:11)
  2 scorpions
  3 necrophages
  6 wights
  3 killer bees (D:4)
  2 vampire bats (Lair:1)
  2 howler monkeys
  3 electric eels (Lair:5)
  6 jellies
  5 hounds
  2 gnoll boudas
  16 orc priests
  5 iguanas
  19 orc wizards
  3 small abominations (Abyss:3)
  A hound zombie (D:4)
  8 adders
  26 gnolls
  4 shadow imps (D:5)
  5 white imps
  4 ufetubi
  An adder zombie (D:4)
  3 dart slugs
  4 worms
  94 orcs
  4 ball pythons
  12 endoplasms
  3 giant cockroaches
  12 goblins
  17 hobgoblins
  16 kobolds
  4 quokkas
  14 bats
  7 frilled lizards
  3 starspawn tentacles (Abyss:3)
685 creatures vanquished.

Vanquished Creatures (collateral kills)
  An orc warlord (Bailey)
  2 yaks (Lair:1)
  An orc warrior (Bailey)
  A wolf (Lair:1)
  A gnoll (Bailey)
6 creatures vanquished.

Vanquished Creatures (others)
  A komodo dragon (Lair:1)
  An orc warrior (Bailey)
  An orc wizard (D:8)
  An orc (D:8)
  A bush (Lair:5)
  A demonic plant (D:5)
  27 fungi
  107 plants
  5 starspawn tentacles (Abyss:3)
145 creatures vanquished.

Grand Total: 836 creatures vanquished

Notes
Turn   | Place    | Note
-------+----------+-------------------------------------------
     0 | D:1      | SnakkuSnakku7 the Djinni Hunter began the quest for the
                  | Orb.
     0 | D:1      | Reached XP level 1. HP: 18/18 MP: 0/0
   238 | D:1      | Reached XP level 2. HP: 23/23 MP: 0/0
   782 | D:2      | Reached XP level 3. HP: 27/28 MP: 0/0
   782 | D:2      | Learned a level 1 spell: Shock
   789 | D:2      | Reached skill level 4 in Ranged Weapons
  1113 | D:2      | Found a faded altar of an unknown god.
  1227 | D:2      | Reached XP level 4. HP: 33/33 MP: 0/0
  1411 | D:2      | Found a hide-covered altar of Uskayaw.
  2407 | D:3      | Reached skill level 5 in Ranged Weapons
  2407 | D:3      | Reached XP level 5. HP: 38/38 MP: 0/0
  2407 | D:3      | Learned a level 2 spell: Ensorcelled Hibernation
  2450 | D:3      | Found a snail-covered altar of Cheibriados.
  2683 | D:4      | Reached XP level 6. HP: 36/43 MP: 0/0
  2704 | D:4      | Noticed an ice beast
  2713 | D:4      | Killed an ice beast
  2714 | D:4      | Reached skill level 6 in Ranged Weapons
  2812 | D:4      | Reached XP level 7. HP: 15/49 MP: 0/0
  2812 | D:4      | Learned a level 2 spell: Passwall
  3790 | D:4      | Noticed Blork the orc
  3802 | D:4      | Killed Blork the orc
  3803 | D:4      | Reached skill level 7 in Ranged Weapons
  4007 | D:4      | Found a basalt altar of Yredelemnul.
  4072 | D:5      | Entered Level 5 of the Dungeon
  4788 | D:4      | Reached XP level 8. HP: 51/54 MP: 0/0
  5024 | D:5      | Reached skill level 8 in Ranged Weapons
  5805 | D:5      | Found Tynnoall's Jewellery Shop.
  6587 | D:6      | Reached skill level 9 in Ranged Weapons
  6661 | D:6      | You are sucked into a shaft and drop 1 floor!
  6770 | D:7      | Found a staircase to the Ecumenical Temple.
  6776 | Temple   | Entered the Ecumenical Temple
  7193 | D:7      | Reached XP level 9. HP: 48/58 MP: 0/0
  7193 | D:7      | Learned a level 3 spell: Vampiric Draining
  7282 | D:5      | Bought an amulet of regeneration for 420 gold pieces
  7377 | D:6      | Found a hide-covered altar of Uskayaw.
  7406 | D:6      | Reached skill level 10 in Ranged Weapons
  8309 | D:8      | Noticed a five-headed hydra
  8309 | D:8      | Found a basalt altar of Yredelemnul.
  8359 | D:8      | Noticed Joseph
  8359 | D:8      | Found an iron altar of Okawaru.
  8387 | D:8      | Found a flagged portal.
  8389 | D:8      | Noticed Erica
  8438 | D:8      | Killed Erica
  8439 | D:8      | Reached skill level 11 in Ranged Weapons
  8451 | D:8      | Reached XP level 10. HP: 25/64 MP: 0/0
  8501 | Bailey   | Entered a bailey
  8696 | Bailey   | Reached skill level 12 in Ranged Weapons
  8916 | Bailey   | Identified the +7 glaive of Recklessness {freeze, *Rage
                  | rElec rPois Dex+2}
  8937 | Bailey   | Reached XP level 11. HP: 87/87 MP: 0/0
  8937 | Bailey   | Learned a level 4 spell: Summon Ice Beast
  9115 | Bailey   | Noticed an orc warlord
  9164 | Bailey   | Killed an orc warlord
  9311 | D:8      | Noticed Grum
  9324 | D:8      | Killed Grum
  9439 | D:8      | Killed Joseph
  9476 | D:8      | Noticed a two-headed ogre
  9493 | D:8      | Killed a two-headed ogre
  9494 | D:8      | Reached skill level 13 in Ranged Weapons
  9498 | D:8      | Found a stormy altar of Qazlal.
  9607 | D:8      | Found an opulent altar of Gozag.
  9617 | D:8      | Found a sacrificial altar of Ru.
  9617 | D:8      | Found a shadowy altar of Dithmenos.
  9709 | D:8      | Became a worshipper of Dithmenos the Shadowed
  9869 | D:8      | Killed a five-headed hydra
 10215 | D:9      | Identified the +1 leather armour of Baagazej {-Tele rPois
                  | Str+7}
 10282 | D:9      | Reached XP level 12. HP: 92/94 MP: 0/0
 10542 | D:9      | Noticed Gastronok
 10569 | D:9      | Killed Gastronok
 10849 | D:10     | Entered Level 10 of the Dungeon
 10860 | D:10     | Noticed a two-headed ogre
 10870 | D:10     | Killed a two-headed ogre
 10871 | D:10     | Reached skill level 14 in Ranged Weapons
 10955 | D:10     | Noticed Josephine
 10982 | D:10     | Killed Josephine
 11451 | D:10     | Found a glowing silver altar of Zin.
 11460 | D:10     | Found an iron altar of Okawaru.
 11520 | D:10     | Noticed a two-headed ogre
 11536 | D:10     | Killed a two-headed ogre
 11758 | D:11     | Reached * piety under Dithmenos
 11811 | D:11     | Found a portal to a secret trove of treasure.
 11833 | D:11     | Noticed a boulder beetle
 11905 | D:11     | Noticed a two-headed ogre
 11923 | D:11     | Killed a two-headed ogre
 11967 | D:11     | Reached skill level 15 in Ranged Weapons
 12135 | D:11     | Found a staircase to the Lair.
 12161 | D:11     | Found the amulet of Elemental Vulnerability {rPois rF--
                  | rC-- AC+8}
 12171 | D:11     | Noticed a six-headed hydra
 12187 | D:11     | Killed a six-headed hydra
 12188 | D:11     | Reached XP level 13. HP: 55/99 MP: 0/0
 12188 | D:11     | Learned a level 5 spell: Fireball
 12275 | D:11     | Reached ** piety under Dithmenos
 12438 | D:11     | Killed a boulder beetle
 12451 | D:11     | Found a staircase to the Orcish Mines.
 12491 | D:11     | Found Veul Fau's Jewellery Shoppe.
 12722 | Lair:1   | Entered Level 1 of the Lair of Beasts
 12850 | Lair:1   | Reached skill level 16 in Ranged Weapons
 13093 | Lair:1   | Reached skill level 5 in Dodging
 14072 | Lair:2   | Noticed a catoblepas
 14134 | Lair:2   | Reached *** piety under Dithmenos
 14417 | Lair:2   | Reached skill level 1 in Armour
 14483 | Lair:2   | Killed a catoblepas
 14716 | Lair:2   | Found a burning altar of Makhleb.
 15267 | Lair:3   | Reached skill level 5 in Armour
 15267 | Lair:3   | Reached XP level 14. HP: 105/105 MP: 0/0
 15274 | Lair:3   | Found a staircase to the Shoals.
 15362 | Lair:3   | Found a hole to the Spider Nest.
 15810 | Lair:3   | Reached **** piety under Dithmenos
 16535 | Lair:4   | Reached skill level 1 in Invocations
 17341 | Lair:5   | Entered Level 5 of the Lair of Beasts
 17349 | Lair:5   | Reached skill level 5 in Invocations
 17533 | Lair:5   | Reached ***** piety under Dithmenos
 18212 | Lair:5   | Reached XP level 15. HP: 110/110 MP: 0/0
 18212 | Lair:5   | Learned a level 6 spell: Iron Shot
 18400 | Lair:5   | Found a staircase to the Slime Pits.
 18400 | Lair:5   | Found a viscous altar of Jiyva.
 18789 | Lair:5   | Reached skill level 10 in Invocations
 19479 | D:5      | Bought a ring of the Octopus King {rCorr HP+2 AC+2 EV+2
                  | SH+2} for 789 gold pieces
 19479 | D:5      | Found the ring of the Octopus King {rCorr HP+2 AC+2 EV+2
                  | SH+2}
 20251 | D:12     | Identified the +1 helmet of Rajiesh {rF+}
 20412 | D:12     | Identified the +7 rapier of Plunder {drain, Dex+4}
 20420 | D:12     | Found a glowing silver altar of Zin.
 20834 | Orc:1    | Entered Level 1 of the Orcish Mines
 21513 | Orc:2    | Entered Level 2 of the Orcish Mines
 21594 | Orc:2    | Found a staircase to the Elven Halls.
 21811 | Orc:2    | Reached ****** piety under Dithmenos
 22208 | Orc:2    | Found Jiygg's Antique Armour Shoppe.
 22746 | Orc:2    | Found Bybal's Armour Emporium.
 22754 | Orc:2    | Found Ygawnixt's Jewellery Boutique.
 22762 | Orc:2    | Found Boxa's Antique Armour Boutique.
 22764 | Orc:2    | Found Qyphecze's Assorted Antiques.
 22794 | Orc:2    | Bought a pair of embroidered gloves for 240 gold pieces
 23043 | D:13     | Noticed Lodul
 23053 | D:13     | Killed Lodul
 23110 | D:13     | Noticed Snorg
 23121 | D:13     | Killed Snorg
 23170 | D:13     | Reached XP level 16. HP: 48/121 MP: 0/0
 23504 | D:13     | Found Zaurchunn's Distillery.
 23527 | D:13     | Bought a potion of heal wounds for 60 gold pieces
 23661 | Abyss:3  | Cast into level 3 of the Abyss (a wizard)
 23684 | Abyss:3  | Found a bloodstained altar of Trog.
 23693 | Abyss:3  | Noticed a tentacled starspawn
 23694 | Abyss:3  | Noticed a tentacled starspawn
 23703 | Abyss:3  | Killed a tentacled starspawn
 23714 | Abyss:3  | Killed a tentacled starspawn
 23715 | Abyss:3  | Reached skill level 17 in Ranged Weapons
 23871 | Abyss:3  | Noticed a Hell Sentinel
 23902 | Abyss:3  | Noticed a bone dragon
 23903 | Abyss:3  | Paralysed by accursed screaming for 1 turns
 23974 | Abyss:3  | Gained mutation: Armour fits poorly on your strangely
                  | shaped body. [a neqoxec]
 23996 | Abyss:3  | HP: 1/123 [large abomination (29)]
 24002 | Abyss:3  | Slain by a large abomination

Illustrated notes

Levels and vault maps discovered:
D:1:      dpeg_arrival_central, layout_loops_cross
D:2:      layout_loops_ring, hellmonk_ecumenical_altar_zigzags, basic_altar,
          minmay_misc_feat_enclosed, dreamdust_mushroom_princess,
          minmay_small_reverse_x
D:3:      layout_basic, general_overflow_altar, serial_aquarium,
          aquarium_bridge_island_small [aquarium_subvault_small_open,
          aquarium_subvault_window, aquarium_subvault_bridge,
          aquarium_subvault_wall, aquarium_subvault_bridge],
          aquarium_bridge_straight [aquarium_subvault_bridge,
          aquarium_subvault_wall, aquarium_subvault_bridge,
          aquarium_subvault_wall], aquarium_window_3, aquarium_window_2,
          aquarium_window_fake, aquarium_view_2c, aquarium_balcony_1a,
          st_stairs_8, dk_noncrumbling_4
D:4:      layout_loops_cross, lemuel_zombie_altar_yredelemnul,
          minmay_fractal_squares_5, uniq_blork_the_orc
D:5:      layout_basic, serial_shops, nicolae_diamond_shop, serial_demonic,
          serial_demonic_e, serial_demonic_d, serial_demonic_f,
          serial_demonic_c, serial_demonic_f, serial_demonic_c
D:6:      layout_cave_pools, nicolae_uskayaw_suspiria, corexii_leaking_fountain
D:7:      layout_cave_pods, minmay_temple_entry_gardened_gates
D:8:      lemuel_ice_statue, layout_rooms, kennysheep_mini_moat,
          mainiacjoe_overflow_alcove_3, enter_bailey_2,
          hangedman_feature_mirror, uniq_erica, uniq_joseph, uniq_grum
D:9:      layout_stronghold, uniq_gastronok
D:10:     layout_irregular_city, jmf_multi_god_temple, uniq_josephine
D:11:     layout_rooms, minmay_lair_entry_grove, minmay_orc_entry_guard_dogs,
          nicolae_trove_entry_isolated, serial_shops, nicolae_shop_crystal,
          nicolae_wwwww
D:12:     layout_loops_ring, zin_academy
D:13:     layout_roguey [special_room_orc], grunt_vaults_entry_tiered,
          serial_shops, nicolae_shop_statue_plus, uniq_snorg, uniq_lodul
Temple:   minmay_temple_forest_path
Lair:1:   beast_lair_carwin_large_2, layout_gridlike, roderic_batcave,
          guppyfry_lair_drakes, grunt_megastairs_1
Lair:2:   layout_gridlike, lemuel_oklob_altar
Lair:3:   layout_regular_city, elwin_shoals_entry_rocks,
          nicolae_spider_entry_tight_spaces, grunt_megastairs_5
Lair:4:   layout_regular_city
Lair:5:   minmay_lair_end_frog_pond, layout_long_grid,
          nicolae_slime_entry_slimehenge
Orc:1:    layout_diamond_mine, basic_altar, david_defended_altar_orc
Orc:2:    st_orc_elflike, layout_diamond_mine, serial_shops,
          nicolae_shop_competitors_out_of_business
Abyss:3:  base: Lair:5, bh_abyss_exit_grid, abyss_furniture_001, minivault_26,
          hangedman_abyss_or_decor_stabs, hangedman_abyss_overflow_altar

Skill      XL: |  1  2  3  4  5  6  7  8  9 10 11 12 13 14 15 16 |
---------------+-------------------------------------------------+-----
Ranged Weapons | 4 5 6 7 9 11 12 13 15 16 17 | 17.3
Fighting       | 11 13 | 13.2
Dodging        | 8 |  8.0
Armour         | 5 8 |  8.0
Invocations    | 8 10 | 10.0
Stealth        | |  0.7

Action                   |  1- 3 |  4- 6 |  7- 9 | 10-12 | 13-15 | 16-18 || total
-------------------------+-------+-------+-------+-------+-------+-------++-------
Melee: Glaive            |       |       |       |    11 |       |       ||    11
       Shortbow          |       |       |       |     1 |       |       ||     1
 Fire: Shortbow          |    79 |   143 |   463 |   841 |  2330 |       ||  3856
       Arbalest          |       |       |       |       |   276 |   204 ||   480
Throw: Throwing net      |       |       |       |     1 |       |       ||     1
Evoke: Wand              |       |     3 |    13 |     9 |     1 |       ||    26
  Use: Scroll            |       |     8 |     9 |     7 |    11 |     1 ||    36
       Potion            |       |     2 |     2 |     3 |     1 |     2 ||    10
Armor: Leather armour    |    22 |    21 |    15 |       |       |       ||    58
       Robe              |       |       |   120 |    23 |       |       ||   143
       Acid dragon scale |       |       |       |    62 |    89 |       ||   151
       Skin              |       |       |       |    19 |       |       ||    19
       Ring mail         |       |       |       |       |   564 |    51 ||   615
Dodge: Dodged            |    26 |    55 |   255 |   239 |  1575 |   166 ||  2316
Block: Other             |       |       |       |       |    29 |    11 ||    40
